 Dungeon Crawl Stone Soup version 0.29.1-14-g9c671dbff4 (webtiles) character file.

Game seed: 6725596854780370010

102 Eitelfritz the Covered (level 4, -5/29 HPs)
             Began as a Gargoyle Fighter on Feb 17, 2023.
             Slain by an orc
             ... wielding a +0 falchion
              (6 damage)
             ... on level 3 of the Dungeon.
             The game lasted 00:04:08 (2467 turns).

Eitelfritz the Covered (Gargoyle Fighter)           Turns: 2467, Time: 00:04:08

Health: -5/29      AC: 10    Str: 20    XL:     4   Next: 77%
Magic:  4/4        EV:  9    Int:  8    God:
Gold:   29         SH:  4    Dex: 11    Spells: 3/3 levels left

rFire   . . .      SeeInvis .   a - +0 flail
rCold   . . .      Faith    .   c - +0 buckler
rNeg    + . .      Spirit   .   l - +0 scale mail
rPois   ∞          Reflect  .   (no helmet)
rElec   +          Harm     .   (no cloak)
rCorr   .          Rampage  .   (no gloves)
Will    .....                   (no boots)
Stlth   ..........              i - amulet of the acrobat
HPRegen 0.09/turn               (no ring)
MPRegen 0.09/turn               (no ring)

@: no status effects
A: sickness immunity, AC +3, negative energy resistance 1, electricity
resistance, torment resistance 1, petrification resistance
a: no special abilities


You were on level 3 of the Dungeon.
You visited 1 branch of the dungeon, and saw 3 of its levels.

You collected 204 gold pieces.
You spent 175 gold pieces at shops.

Inventory:

Hand Weapons
 a - a +0 flail (weapon)
 b - the +2 sling of Cocytus {venom, rPois}
   (You bought it in a shop on level 3 of the Dungeon)

   Any ammunition fired from it poisons the flesh of those it strikes.
   rPois:     It protects you from poison.
Missiles
 f - 4 poisoned darts (quivered)
Armour
 c - a +0 buckler (worn)
 l - a +0 scale mail (worn)
Jewellery
 i - an amulet of the acrobat (around neck)
Scrolls
 g - a scroll of noise {unknown}
 h - 2 scrolls of identify {unknown}
 k - a scroll of poison {unknown}
Potions
 d - a potion of might
 e - 2 potions of curing {unknown}
 j - a potion of magic {unknown}


   Skills:
 + Level 3.9 Fighting
 + Level 2.8 Maces & Flails
 + Level 0.2 Ranged Weapons
 + Level 4.1 Armour
 + Level 0.1 Dodging
 + Level 0.2 Stealth
 + Level 4.0 Shields


You had 3 spell levels left.
You didn't know any spells.
Your spell library contained the following spells:

 Spells                   Type           Power      Damage    Failure   Level
 Necrotise                Necr           0%         1d4       85%         1
 Vampiric Draining        Necr           0%         2d6       99%         3
 Agony                    Necr           0%         N/A       100%        5


Dungeon Overview and Level Annotations

Branches:
Dungeon (3/15)

Altars:

Shops:
D:3 (


Innate Abilities, Weirdness & Mutations

You are immune to sickness and miasma.
Your stone body is resilient. (AC +3)
You are immune to poison.
You resist negative energy. (rN+)
You are resistant to electric shocks. (rElec)
You are resistant to unholy torment.
You are immune to petrification.


Message History

The orc completely misses you. x2
You miss the bat. The bat hits you but does no damage.
The bat barely misses you. The bat hits you but does no damage.
The orc hits you but does no damage. The bat misses you.
The bat closely misses you. The bat completely misses you. The orc misses you.
You hear some strange, mumbled words.
A magic dart appears from out of thin air!
The magic dart hits you but does no damage.
The orc completely misses you.
You closely miss the orc. The bat hits you but does no damage.
The orc closely misses you. The orc hits you but does no damage.
The orc hits you with a +0 falchion. Something hits you but does no damage.
The orc closely misses you. Something hits you but does no damage.
The orc hits you with a +0 flail. The orc closely misses you.
The orc hits you but does no damage. The orc hits you with a +0 short sword.
You closely miss something.
Reactivating autopickup.
You feel a bit more experienced. The bat hits you but does no damage.
The orc hits you with a +0 flail. The orc hits you with a +0 short sword.
The orc misses you. The orc hits you but does no damage.
You miss the orc. The bat barely misses you.
The orc hits you but does no damage. The orc barely misses you. x2
The orc hits you but does no damage. x2; The orc barely misses you.
The orc hits you but does no damage. The orc closely misses you.
Unknown command.
You miss the orc.
You feel less confused. The bat barely misses you.
The orc hits you with a +0 flail.
The orc barely misses you. x2; The orc hits you but does no damage.
You hit the orc but do no damage. The bat closely misses you.
The orc hits you with a +0 flail.
* * * LOW HITPOINT WARNING * * *
You block the orc's attack. The orc hits you but does no damage.
You block the orc's attack. The bat hits you but does no damage.
You barely miss the orc. The bat hits you but does no damage.
The orc hits you with a +0 flail!
* * * LOW HITPOINT WARNING * * *
You block the orc's attack. x2; The orc hits you with a +0 falchion.
You die...

########.........#...
#................#.##
#................♣.##
#..............♣.∩.♣
#................♣##
#................#
#...b............#
#..oo.....########
#..o@o....#
#....).)..#
#.........#
#.........# #######
#####.....# #......
#.....# #......
#.....# #......
#.....# #..†...
#......


You could see 4 orcs and a bat.

Vanquished Creatures
  An orc wizard (D:3)
  3 adders
  A worm (D:2)
  4 dart slugs (D:1)
  6 ball pythons
  4 endoplasms
  A giant cockroach (D:1)
  4 hobgoblins
  4 bats (D:1)
  2 frilled lizards
  3 goblins
  4 kobolds
  6 rats
43 creatures vanquished.

Notes
Turn   | Place    | Note
-------+----------+-------------------------------------------
     0 | D:1      | Eitelfritz the Gargoyle Fighter began the quest for the
                  | Orb.
     0 | D:1      | Reached XP level 1. HP: 14/14 MP: 1/1
   289 | D:1      | Reached XP level 2. HP: 19/19 MP: 2/2
   859 | D:1      | Reached XP level 3. HP: 23/23 MP: 3/3
  1834 | D:2      | Reached XP level 4. HP: 15/28 MP: 4/4
  2422 | D:3      | Found Coiveeh's Antique Weapon Shop.
  2428 | D:3      | Bought a scorched sling for 175 gold pieces
  2428 | D:3      | Identified the +2 sling of Cocytus {venom, rPois} (You
                  | bought it in a shop on level 3 of the Dungeon)
  2467 | D:3      | HP: 1/29 [orc/+0 flail (7)]
  2467 | D:3      | Slain by an orc

Illustrated notes

Levels and vault maps discovered:
D:1:      nicolae_arrival_memento_mori, layout_basic, reono_crystal_passage
D:2:      layout_rooms, kennysheep_nub
D:3:      minmay_angry_zag, layout_basic,
          chequers_temple_overflow_statue_of_worship, serial_shops,
          nicolae_shop_trees, uniq_sigmund

Skill      XL: |  1  2  3 |
---------------+----------+-----
Shields        | 4 |  4.0
Armour         | 4 |  4.1
Fighting       | |  3.9
Maces & Flails | |  2.8
Ranged Weapons | |  0.2
Dodging        | |  0.1
Stealth        | |  0.2

Action                   |  1- 3 |  4- 6 || total
-------------------------+-------+-------++-------
Melee: Flail             |   107 |    35 ||   142
 Fire: Sling             |       |     5 ||     5
Armor: Scale mail        |    50 |    29 ||    79
Dodge: Dodged            |    69 |    35 ||   104
Block: Buckler           |    32 |    11 ||    43
